 Dungeon Crawl Stone Soup version 0.28-a0-852-gbbce81c95b (webtiles) character file.

Game seed: 6917337406892324028

1425 BinkBink the Covert (level 8, -5/52 HPs)
             Began as a Vampire Enchanter on Nov 15, 2021.
             Was an Initiate of Dithmenos.
             Slain by a gnoll (13 damage)
             ... on level 5 of the Dungeon.
             The game lasted 00:17:54 (6105 turns).

BinkBink the Covert (Vampire Enchanter)             Turns: 6105, Time: 00:17:57

Health: -5/52      AC:  8    Str:  7    XL:     8   Next: 44%
Magic:  2/14       EV: 12    Int: 19    God:    Dithmenos [......]
Gold:   214        SH:  0    Dex: 15    Spells: 11/16 levels left

rFire   . . .      SeeInvis +   a - +1 dagger
rCold   . . .      Faith    .   (no shield)
rNeg    . . .      Spirit   .   b - +0 robe
rPois   .          Reflect  .   x - +0 helmet
rElec   .          Harm     .   q - +1 cloak
rCorr   .          Rampage  .   e - +0 pair of gloves
Will    .....                   r - +1 pair of boots
Stlth   +++++.....              (no amulet)
HPRegen 0.37/turn               h - ring of wizardry
MPRegen 0.14/turn               (no ring)

@: healing quickly
A: alive, fangs 3, see invisible, vampiric 2
a: Exsanguinate, Renounce Religion


You were on level 5 of the Dungeon.
You worshipped Dithmenos.
Dithmenos was noncommittal.
You visited 2 branches of the dungeon, and saw 7 of its levels.

You collected 214 gold pieces.

Inventory:

Hand Weapons
 a - a +1 dagger (weapon)
Missiles
 B - a throwing net (quivered)
Armour
 b - a +0 robe (worn)
 e - a +0 pair of gloves (worn)
 q - a +1 cloak (worn)
 r - a +1 pair of boots (worn)
 x - a +0 helmet (worn)
Magical Staves
 y - a staff of conjuration
Jewellery
 h - a ring of wizardry (left hand)
 C - an amulet of magic regeneration
Wands
 o - a wand of charming (4)
 v - a wand of paralysis (4)
Scrolls
 d - a scroll of enchant armour {unknown}
 f - 2 scrolls of torment {unknown}
 g - 11 scrolls of identify {unknown}
 n - 3 scrolls of magic mapping {unknown}
 p - a scroll of enchant weapon {unknown}
 w - a scroll of noise {unknown}
 E - a scroll of vulnerability {unknown}
Potions
 c - a potion of invisibility
 i - 2 potions of curing {unknown}
 j - 2 potions of attraction {unknown}
 k - 3 potions of berserk rage {unknown}
 l - 2 potions of haste {unknown}
 m - a potion of brilliance {unknown}
 s - 2 potions of mutation {unknown}
 t - 2 potions of degeneration {unknown}
 u - a potion of lignification {unknown}
 z - 3 potions of magic {unknown}
 A - a potion of heal wounds {unknown}
 D - a potion of resistance {unknown}


   Skills:
 - Level 0.1 Fighting
 - Level 1.4 Short Blades
 + Level 2.3 Dodging
 + Level 13.4 Stealth
 + Level 4.6 Spellcasting
 - Level 5.0 Hexes
 + Level 3.3 Ice Magic


You had 11 spell levels left.
You knew the following spells:

 Your Spells              Type           Power      Damage    Failure   Level
a - Ensorcelled Hibernat  Hex/Ice        40%        N/A       1%          2
b - Confusing Touch       Hex            23%        N/A       1%          3

Your spell library contained the following spells:

 Spells                   Type           Power      Damage    Failure   Level
 Tukima's Dance           Hex            23%        N/A       1%          3
 Dazzling Flash           Conj/Hex       26%        N/A       6%          3


Dungeon Overview and Level Annotations

Branches:
Dungeon (6/15)             Temple (1/1) D:6

Altars:
Dithmenos
Elyvilon
Hepliaklqana
Makhleb
Nemelex Xobeh
Okawaru
Xom
Zin
The Shining One


Innate Abilities, Weirdness & Mutations

Your natural rate of healing is accelerated.
You have razor-sharp teeth.
You have supernaturally acute eyesight. (SInv)
You are afflicted with vampirism and can become a bat while bloodless.


Message History

You hit the gnoll but do no damage.
The gnoll is lightly wounded.
The gnoll misses you. The gnoll barely misses you.
You hit the gnoll. You bite the gnoll.
The gnoll is moderately wounded.
The gnoll hits you from afar with a +0 halberd!
* * * LOW HITPOINT WARNING * * *
The gnoll hits you with a +0 spear.
* * * LOW HITPOINT WARNING * * *
You hit the gnoll.
The gnoll is heavily wounded.
The gnoll hits you from afar with a +0 halberd.
* * * LOW HITPOINT WARNING * * *
Okay, then.
The gnoll hits something with a +0 spear.
The gnoll seems less confused.
There is a stone staircase leading down here.
You climb downwards.
The orc shouts! x3
The orc hits you but does no damage.
You hear an angry hiss.
There is a stone staircase leading up here.
The orc closely misses you. The orc hits you but does no damage.
You climb upwards.
The gnoll barely misses you.
There is a stone staircase leading down here.
Casting: Confusing Touch (safe; 1% risk of failure)
Confirm with . or Enter, or press ? or * to list all spells.
Aiming: Ensorcelled Hibernation (safe; 1% risk of failure)
Press: ? - help, Shift-Dir - straight line, f - orc
Aim: an orc, wielding a +0 club (chance to affect: 67%)
The orc looks drowsy...
The orc hits you but does no damage.
The gnoll hits you from afar with a +0 halberd.
* * * LOW HITPOINT WARNING * * *
The helpless orc fails to defend itself.
You stick the orc like a pincushion!!!
You kill the orc!
Dithmenos accepts your kill. The orc hits you but does no damage.
The gnoll hits you from afar with a +0 halberd!
You die...

.....................##.#
.........####.######.##.#
.##.###### #.# ##.##.#
.##.# #.# #...#.# .##.#
#.# #...#.# .##.# #.#
#...#.# .##.## #.#
###.#.#
.#...########.#######.#.#
)............ggo@)......#
##...########.#######.###
##.## #.# #.# #.# #.# #.#
#.# #.# #.# #.#
#.#######.#
#.#########.........#
###.#.........#########
......#######.#


You could see 2 gnolls and an orc.

Vanquished Creatures
  Grinder (D:3)
  A black bear (D:6)
  An ice beast (D:6)
  2 ogres (D:4)
  A sky beast (D:5)
  A centaur (D:6)
  A bullfrog (D:5)
  A scorpion (D:5)
  A gnoll sergeant (D:5)
  A water moccasin skeleton (D:6)
  A bullfrog zombie (D:5)
  3 hounds
  A centaur skeleton (D:3)
  A bullfrog skeleton (D:6)
  An orc wizard (D:3)
  Robin (D:4)
  11 gnolls
  7 adders
  A white imp (D:5)
  An ufetubus (D:6)
  A worm (D:4)
  3 dart slugs (D:1)
  5 orcs
  6 endoplasms
  5 giant cockroaches
  16 goblins
  6 hobgoblins
  3 jackals (D:2)
  7 kobolds
  3 quokkas
  5 ball pythons
  4 bats
  3 frilled lizards
  5 rats
111 creatures vanquished.

Notes
Turn   | Place    | Note
-------+----------+-------------------------------------------
     0 | D:1      | BinkBink the Vampire Enchanter began the quest for the Orb.
     0 | D:1      | Reached XP level 1. HP: 13/13 MP: 3/3
   285 | D:1      | Reached XP level 2. HP: 17/19 MP: 5/5
   296 | D:1      | Learned a level 2 spell: Ensorcelled Hibernation
   472 | D:1      | Reached skill level 5 in Stealth
   591 | D:1      | Gained mutation: You are afflicted with vampirism and can
                  | become a bat while bloodless. [Vampire growth]
   591 | D:1      | Reached XP level 3. HP: 23/24 MP: 6/6
   655 | D:1      | Found a faded altar of an unknown god.
  1142 | D:2      | Reached skill level 6 in Stealth
  1519 | D:2      | Reached XP level 4. HP: 30/30 MP: 7/7
  1711 | D:2      | Learned a level 3 spell: Confusing Touch
  1719 | D:3      | Reached skill level 7 in Stealth
  2094 | D:3      | Reached skill level 8 in Stealth
  2101 | D:3      | Reached XP level 5. HP: 27/35 MP: 0/8
  2388 | D:3      | Noticed Grinder
  2438 | D:3      | Paralysed by Grinder for 3 turns
  2452 | D:3      | Killed Grinder
  2453 | D:3      | Reached skill level 10 in Stealth
  2453 | D:3      | Reached XP level 6. HP: 16/41 MP: 6/9
  3012 | D:3      | Reached skill level 11 in Stealth
  3542 | D:4      | Reached XP level 7. HP: 46/46 MP: 5/10
  3681 | D:4      | Reached skill level 1 in Ice Magic
  3720 | D:4      | Noticed Robin
  3773 | D:4      | Killed Robin
  4104 | D:4      | Found a burning altar of Makhleb.
  4152 | D:5      | Entered Level 5 of the Dungeon
  4330 | D:5      | Reached skill level 12 in Stealth
  5220 | D:5      | Found a sparkling altar of Nemelex Xobeh.
  5222 | D:5      | Reached XP level 8. HP: 52/52 MP: 13/13
  5333 | D:5      | Found a hazy altar of Hepliaklqana.
  5533 | D:6      | Found a staircase to the Ecumenical Temple.
  5549 | D:6      | Reached skill level 5 in Hexes
  5577 | Temple   | Entered the Ecumenical Temple
  5603 | Temple   | Became a worshipper of Dithmenos the Shadowed
  5698 | D:6      | Reached skill level 13 in Stealth
  6105 | D:5      | Slain by a gnoll

Illustrated notes

Levels and vault maps discovered:
D:1:      dpeg_cavernosity, layout_loops_ring,
          shapermc_ecumenical_altar_mp_vishouse
D:2:      minmay_chambers_of_ones, layout_basic
D:3:      layout_basic, uniq_grinder
D:4:      layout_rooms, gammafunk_temple_overflow_wave, minmay_between,
          uniq_robin
D:5:      layout_loops_ring, marbit_many_paths, gammafunk_temple_overflow_pools
D:6:      layout_rooms, minmay_temple_entry_steel_oval, serial_shops, shop,
          uniq_crazy_yiuf_cottage
Temple:   jpeg_temple_clearing

Skill      XL: |  1  2  3  4  5  6  7  8 |
---------------+-------------------------+-----
Stealth        | 5 6 8 10 11 12 13 | 13.4
Ice Magic      | 2 3 |  3.3
Spellcasting   | 3 4 |  4.6
Hexes          | 5 |  5.0
Fighting       | |  0.1
Short Blades   | |  1.4
Dodging        | |  2.3

Action                   |  1- 3 |  4- 6 |  7- 9 || total
-------------------------+-------+-------+-------++-------
Melee: Dagger            |   111 |    97 |    88 ||   296
       Bite              |     7 |     6 |     4 ||    17
 Cast: Ensorcelled Hiber |       |    31 |    57 ||    88
       Confusing Touch   |       |     4 |     9 ||    13
 Stab: Sleeping          |    15 |    22 |    27 ||    64
       Distracted        |     1 |       |       ||     1
       Confused          |       |     5 |     5 ||    10
Armor: Robe              |    22 |    20 |    37 ||    79
Dodge: Dodged            |    58 |    45 |    68 ||   171

Table legend: (Time is in decaauts)
 A = Elapsed time spent in this place.
 B = Non-inter-level travel time spent in this place.
 C = Inter-level travel time spent in this place.
 D = Time resting spent in this place.
 E = Time spent auto-exploring this place.
 F = Levels seen in this place.
 G = Mean time per level.
                   A        B        C        D        E       F      G
               +--------+--------+--------+--------+--------+-----+--------+
         Total |   6089 |   5818 |    271 |      0 |   4319 |   7 |  869.9 |
       Dungeon |   6039 |   5791 |    248 |      0 |   4305 |   6 | 1006.5 |
        Temple |     49 |     26 |     23 |      0 |     14 |   1 |   49.0 |
               +--------+--------+--------+--------+--------+-----+--------+

Top non-repeatable levels by time:
     D:3: 1517 daAuts
     D:5: 1276 daAuts
     D:4: 1183 daAuts
     D:1: 1071 daAuts
     D:2: 590 daAuts
     D:6: 400 daAuts
  Temple: 49 daAuts
